[Event "Late-Titled-Tuesday-Blitz-September-12-2023"]
[Site "Chess.com"]
[Date "2023.09.12"]
[Round "5"]
[White "Djager97"]
[Black "diamonds13"]
[Result "1-0"]
[WhiteElo "2536"]
[BlackElo "2358"]
[TimeControl "180+1"]
[EndTime "14:52:40 PDT"]
[Termination "Djager97 won by resignation"]

1. e4 c5 2. Nf3 Nc6 3. Bb5 Qc7 4. O-O Nf6 5. Re1 a6 6. Bf1 e5 7. c3 d6 8. h3 h6 9. d4 g5 10. dxc5 dxc5 11. Nbd2 g4 12. hxg4 Bxg4 13. Nc4 Be7 14. Ne3 h5 15. Nd5 Nxd5 16. exd5 O-O-O 17. c4 Nd4 18.
Be2 Nxe2+ 19. Qxe2 Bd6 20. b4 f5 21. bxc5 Qxc5 22.
Be3 Qc7 23. c5 e4 24. cxd6 Qxd6 25. Rec1+ Kb8 26. Qd2 Qxd5 27. Nd4 Ka8 28. Rab1 f4 29. Bxf4 Qxd4 30. Qxd4 Rxd4 31. Be5 Rhd8 32. Bxd4 Rxd4 33. Rc7 h4 34. Rbxb7 h3 35. gxh3 Bxh3 36. Ra7+ Kb8 37.
Rcb7+ Kc8 38. Rh7 Bd7 39. Kf1 Rd1+ 40. Ke2 Rd5 41. Rhxd7 Rxd7 42. Rxd7 Kxd7 43. Ke3 Kd6 44. Kxe4 Kc5 45. f4 Kb4 46. f5 Ka3 47. f6 Kxa2 48. f7 a5 49. f8=Q a4 50. Qb4 a3 51. Kd3 Ka1 52. Qxa3+ 1-0

[Event "Late-Titled-Tuesday-Blitz-September-12-2023"]
[Site "Chess.com"]
[Date "2023.09.12"]
[Round "5"]
[White "artin10862"]
[Black "crazy_but_lazy"]
[Result "1-0"]
[WhiteElo "2954"]
[BlackElo "2644"]
[TimeControl "180+1"]
[EndTime "14:52:41 PDT"]
[Termination "artin10862 won by resignation"]

1. d4 f5 2. Bg5 h6 3. Bh4 g5 4. Bg3 Nf6 5. e3 d6 6. h4 Bg7 7. hxg5 hxg5 8. Rxh8+ Bxh8 9. Nh3 g4 10. Nf4 e6 11. Bd3 Nc6 12. Nc3 Qe7 13. Qe2 Bg7 14.
O-O-O Bd7 15. d5 Ne5 16. Nb5 Bxb5 17. Bxb5+ c6 18. dxc6 bxc6 19. Ng6 Qc7 20. Nxe5 dxe5 21. Bxe5 Qxe5 22. Bxc6+ Ke7 23. Bxa8 Ne4 24. c3 Nd6 25. Qa6 Qc5 26. Qc6 Qxc6 27. Bxc6 g3 28. fxg3 Bh6 29.
Kc2 Nc4 30. Kb3 Nxe3 31. Rd7+ Kf6 32. Rxa7 Nxg2 33. Bxg2 1-0

[Event "Late-Titled-Tuesday-Blitz-September-12-2023"]
[Site "Chess.com"]
[Date "2023.09.12"]
[Round "5"]
[White "PepeCuenca"]
[Black "pirulillo"]
[Result "1-0"]
[WhiteElo "2733"]
[BlackElo "2331"]
[TimeControl "180+1"]
[EndTime "14:52:41 PDT"]
[Termination "PepeCuenca won by resignation"]

1. c4 Nf6 2. Nc3 g6 3. e4 d6 4.
d4 Bg7 5. h3 O-O 6. Be3 e5 7. d5 c6 8. Nf3 cxd5 9. cxd5 a6 10. a4 Nbd7 11. Nd2 Ne8 12. g4 Nc5 13. b4 Nd7 14. Be2 Bf6 15. Nf3 Ng7 16. Rg1 Be7 17. Bh6 a5 18. b5 Nc5 19. Rb1 Bd7 20. Qd2 Rc8 21. Qe3 Qb6 22. Nd2 Qd8 23. Nc4 b6 24. Kd1 Bh4 25. Kc2 g5 26. Bxg7 Kxg7 27. Nxd6 Rc7 28.
Nc4 Rc8 29. Kb2 Qf6 30. f3 Nb7 31. Qxb6 Qxb6 32. Nxb6 Bf2 33. Nxd7 Bxg1 34. Rxg1 Rfd8 35. Nxe5 Nc5 36. Nc6 Re8 37. Rd1 Nd7 38. Nxa5 1-0

[Event "Late-Titled-Tuesday-Blitz-September-12-2023"]
[Site "Chess.com"]
[Date "2023.09.12"]
[Round "5"]
[White "temus_galaktionov"]
[Black "MagnusCarlsen"]
[Result "0-1"]
[WhiteElo "2843"]
[BlackElo "3215"]
[TimeControl "180+1"]
[EndTime "14:52:44 PDT"]
[Termination "MagnusCarlsen won by resignation"]

1. d4 d5 2. Nf3 Nf6 3. c4 e6 4.
Nc3 c6 5. e3 Nbd7 6. Qc2 b6 7. b3 Bb7 8. Bb2 Rc8 9. Be2 c5 10.
O-O cxd4 11. Nxd4 dxc4 12. Bxc4 a6 13. Qe2 b5 14. Bd3 Bc5 15. Rfd1 O-O 16. Rac1 Bxd4 17. exd4 Qb6 18. a4 b4 19. Nb1 Nd5 20. Qg4 N7f6 21.
Qg3 h5 22. Bc4 Rfd8 23. Nd2 Nc3 24. Bxc3 bxc3 25. Qxc3 Rxd4 26. Nf3 Rxd1+ 27. Rxd1 Qxf2+ 28. Kxf2 Ne4+ 29. Ke3 Nxc3 30. Rd7 Bxf3 31. gxf3 Nxa4 32. Kd4 Nb6 33. Bxa6 Ra8 34. Bb7 Nxd7 35. Bxa8 Kf8 36. f4 Ke7 37. Bf3 h4 38. b4 Kd6 39. b5 Nb6 40.
Bh5 f6 41. Bf3 Nd7 42. Bc6 Nf8 43. Be4 Kc7 44. Kc5 Nd7+ 45. Kd4 Kb6 46. Bc6 Nf8 47. Be8 Kc7 48. Ke4 Kd6 49. Kd4 Nd7 50. Ke4 Nb6 51. Bc6 Kc5 52. Be8 Nd5 53. Bd7 Nc7 54. Kf3 Nxb5 55. Bxe6 Nd4+ 56. Kg4 Nxe6 57. Kxh4 Nxf4 58. Kg4 g5 59. h4 gxh4 60. Kxf4 f5 61. Kf3 Kd4 62. Kf2 f4 63. Kg2 Ke3 64. Kf1 f3 65. Kg1 h3 66. Kh1 f2 67. Kh2 f1=Q 0-1

[Event "Late-Titled-Tuesday-Blitz-September-12-2023"]
[Site "Chess.com"]
[Date "2023.09.12"]
[Round "5"]
[White "Parhamov"]
[Black "ChristopherYoo"]
[Result "1-0"]
[WhiteElo "3114"]
[BlackElo "3010"]
[TimeControl "180+1"]
[EndTime "14:52:48 PDT"]
[Termination "Parhamov won on time"]

1. d4 Nc6 2. Nf3 d6 3. e4 Nf6 4.
Bd3 Bg4 5. c3 e5 6. Be3 d5 7.
exd5 Qxd5 8. Nbd2 exd4 9. cxd4 Bb4 10. Be2 Ne4 11. O-O Nxd2 12. Bxd2 Bxd2 13. Nxd2 Be6 14. Nb3 Rd8 15. Bf3 Qd6 16. Nc5 Bc8 17. Re1+ Kf8 18. Bxc6 Qxc6 19. Rc1 Qd6 20. Qa4 b6 21. Ne4 Qxd4 22.
Qxa7 Bf5 23. Qxc7 h6 24. Nc3 Rc8 25. Qg3 Kg8 26. Rcd1 Qg4 27. Qd6 Kh7 28. Qxb6 Rb8 29. Qc7 Qg6 30. Rd2 Rhe8 31. Rxe8 Rxe8 32. h4 Qf6 33.
Qf4 Rc8 34. g4 Be6 35. Qxf6 gxf6 36. f3 h5 37. gxh5 Kh6 38. a3 Kxh5 39. Rd4 Bb3 40. Kf2 1-0

[Event "Late-Titled-Tuesday-Blitz-September-12-2023"]
[Site "Chess.com"]
[Date "2023.09.12"]
[Round "5"]
[White "Zampronha1971"]
[Black "Vadim_Biliy"]
[Result "1-0"]
[WhiteElo "2308"]
[BlackElo "2205"]
[TimeControl "180+1"]
[EndTime "14:52:51 PDT"]
[Termination "Zampronha1971 won on time"]

1. e4 d6 2. d4 Nf6 3. Nc3 g6 4. Bg5 h6 5. Bh4 c6 6. f4 Bg7 7. e5 Nd5 8. Nxd5 cxd5 9. c3 O-O 10. Nf3 f6 11. Bd3 f5 12. O-O Nc6 13. Re1 Qc7 14. Qb3 e6 15. Qa3 dxe5 16. Nxe5 Nxe5 17. fxe5 Rf7 18. Bf2 Bf8 19. Qb3 Bd7 20. Qc2 b5 21.
a3 Bc6 22. Qe2 Re8 23. Kh1 Rh7 24. g4 Ree7 25. Rg1 Reg7 26. Rg2 Qf7 27. Rag1 Be7 28. gxf5 gxf5 29. Rxg7+ Rxg7 30. Rxg7+ Qxg7 31. Bxb5 Bxb5 32. Qxb5 Kh7 33. Qe2 Qg5 34. Be3 f4 35. Bd2 Qf5 36. Kg2 Bg5 37. Be1 Qb1 38. Bf2 Kg7 39. h4 Be7 40. Qg4+ Qg6 41. Kf3 h5 42. Qxg6+ Kxg6 43. Kxf4 a6 44. b4 Bd8 45. a4 Be7 46. b5 axb5 47. axb5 Bd8 48. Be3 Ba5 49. Bd2 Kh6 50. Ke3 Kg6 51. c4 Bd8 52. c5 1-0

[Event "Late-Titled-Tuesday-Blitz-September-12-2023"]
[Site "Chess.com"]
[Date "2023.09.12"]
[Round "5"]
[White "The_Princess_Moon"]
[Black "Roedor"]
[Result "0-1"]
[WhiteElo "2264"]
[BlackElo "2404"]
[TimeControl "180+1"]
[EndTime "14:52:52 PDT"]
[Termination "Roedor won by resignation"]

1. e4 e5 2. Nf3 Nc6 3. Nc3 Nf6 4. Bb5 Nd4 5. Bc4 Bc5 6. d3 O-O 7. h3 c6 8. Nxd4 Bxd4 9. O-O d5 10. exd5 cxd5 11.
Bb3 h6 12. Ne2 Bb6 13. Be3 Be6 14. d4 Nd7 15. Qd2 Qh4 16. dxe5 Nxe5 17. Bxb6 axb6 18. Qf4 Qg5 19. Qxg5 hxg5 20. Rad1 Nc4 21. Bxc4 dxc4 22. a3 Bf5 23. Rd2 Rfd8 24. Rfd1 Rxd2 25. Rxd2 f6 26. Nd4 Be4 27. f3 Bc6 28. Kf2 c3 29. bxc3 Rxa3 30.
Rd3 Kf7 31. Ke3 g6 32. g3 Ke7 33. Nb3 Ra4 34. Rd4 Ra2 35. Rd2 Ba4 36. Kd4 Bxb3 37.
Re2+ Be6 38. h4 Ra4+ 39. Ke3 gxh4 40. g4 g5 41. Kf2 Rc4 42. Rd2 Rxc3 0-1

[Event "Late-Titled-Tuesday-Blitz-September-12-2023"]
[Site "Chess.com"]
[Date "2023.09.12"]
[Round "5"]
[White "MichalL9"]
[Black "jcmesafischer"]
[Result "0-1"]
[WhiteElo "2194"]
[BlackElo "2372"]
[TimeControl "180+1"]
[EndTime "14:52:52 PDT"]
[Termination "jcmesafischer won by resignation"]

1. Nf3 Nf6 2. g3 e6 3. Bg2 Be7 4. c4 O-O 5. b3 d5 6. Bb2 c5 7. O-O d4 8. e3 Nc6 9. exd4 cxd4 10.
d3 e5 11. Re1 Nd7 12. Na3 Bb4 13. Re2 Nc5 14. Nc2 Bc3 15. Rb1 Bxb2 16. Rxb2 Re8 17. Nfe1 f5 18. Rb1 a5 19. a3 e4 20. dxe4 d3 21.
Rd2 dxc2 22. Nxc2 Qe7 23. Ne3 Nxe4 24. Nd5 Qf7 25. Bxe4 fxe4 26. b4 Ne5 27. Kg2 Nxc4 28. Rd4 Be6 29. Nf4 e3 30. bxa5 exf2 31. Qf3 Ne3+ 32.
Kh1 Bd5 33. Rxd5 Nxd5 34. Qxf2 Nxf4 35. gxf4 Qd5+ 36. Qg2 Qxg2+ 0-1

[Event "Late-Titled-Tuesday-Blitz-September-12-2023"]
[Site "Chess.com"]
[Date "2023.09.12"]
[Round "5"]
[White "Iball95"]
[Black "jaskol95"]
[Result "1-0"]
[WhiteElo "2784"]
[BlackElo "2529"]
[TimeControl "180+1"]
[EndTime "14:52:53 PDT"]
[Termination "Iball95 won by checkmate"]

1. e4 d5 2. exd5 Nf6 3. c4 c6 4. d4 cxd5 5. Nc3 Nc6 6. Nf3 Bg4 7. cxd5 Nxd5 8. h3 Bxf3 9. Qxf3 e6 10. Bb5 Bb4 11.
O-O O-O 12. Nxd5 Qxd5 13. Qxd5 exd5 14. Be3 f5 15. g3 f4 16. Bxc6 bxc6 17. Bxf4 Rae8 18.
a3 Ba5 19. Be5 Rf3 20. Rfc1 Re6 21. Rc2 Bb6 22. Rac1 c5 23. dxc5 Rxe5 24. cxb6 axb6 25. Rd1 Rb3 26. Rdd2 Kf7 27. Kg2 h6 28. Rc7+ Kf6 29.
Rd7 Ke6 30. Rxg7 Re1 31. Rg6+ Ke5 32. Rxh6 Rb1 33. Rh5+ Ke6 34. Rhxd5 b5 35. h4 b4 36. axb4 Rxb4 37. R5d4 Rb5 38. Rf4 Re1 39. b4 Rb8 40. Rdd4 Ra8 41. Rde4+ Rxe4 42. Rxe4+ Kf5 43. Rf4+ Kg6 44.
g4 Ra3 45. f3 Kg7 46. Kg3 Kg6 47. Rf5 Rb3 48. h5+ Kh6 49. b5 Rc3 50. Kh4 Kg7 51.
g5 Rc4+ 52. f4 Rc1 53. h6+ Kg6 54. Rf6+ Kh7 55. Rf7+ Kg8 56. Rb7 Kh8 57. Kh5 Rc8 58. b6 Rc6 59. g6 Rc5+ 60. Kg4 Rc8 61. Rc7 Rb8 62. b7 Rf8 63. Rc8 Kg8 64. f5 Rxc8 65. bxc8=R# 1-0

[Event "Late-Titled-Tuesday-Blitz-September-12-2023"]
[Site "Chess.com"]
[Date "2023.09.12"]
[Round "5"]
[White "Langua_Chess"]
[Black "KaydenTroffChess"]
[Result "0-1"]
[WhiteElo "2483"]
[BlackElo "2733"]
[TimeControl "180+1"]
[EndTime "14:52:55 PDT"]
[Termination "KaydenTroffChess won on time"]

1. d4 Nf6 2. c4 g6 3. Nc3 d5 4.
cxd5 Nxd5 5. e4 Nxc3 6. bxc3 Bg7 7. Nf3 c5 8. Bb5+ Nc6 9. O-O cxd4 10. Bxc6+ bxc6 11. cxd4 O-O 12. Qc2 Bg4 13. Ne5 Qxd4 14. Bb2 Qb6 15. Rab1 Bxe5 16. Bxe5 Qa6 17. Ba1 Be6 18. Qc3 f6 19. e5 f5 20. Qc5 Kf7 21. a3 Rfd8 22. h3 Rd3 23. Rfc1 Rxa3 24. Qd4 Qa4 25. Qd2 Ra2 26. Qh6 Rh8 27. Bc3 Rc2 28.
Rxc2 Qxc2 29. Rc1 Qe4 30. Ba1 a5 31. Qd2 a4 32. Qa5 Rb8 33. Kh2 Qf4+ 0-1

[Event "Late-Titled-Tuesday-Blitz-September-12-2023"]
[Site "Chess.com"]
[Date "2023.09.12"]
[Round "5"]
[White "CarlosjPineror"]
[Black "Mikhail_Golubev"]
[Result "0-1"]
[WhiteElo "2434"]
[BlackElo "2593"]
[TimeControl "180+1"]
[EndTime "14:52:55 PDT"]
[Termination "Mikhail_Golubev won by resignation"]

1. d4 Nf6 2. c4 g6 3. Nc3 Bg7 4.
g3 O-O 5. Bg2 d6 6. Nf3 Nbd7 7.
O-O e5 8. Qc2 exd4 9. Nxd4 Nb6 10. b3 c5 11. Ndb5 a6 12. Na3 d5 13. cxd5 Nfxd5 14. Bb2 Nb4 15. Qc1 Qe7 16. Nc2 Bf5 17. e4 Nd3 18.
exf5 Nxc1 19. Raxc1 Rfe8 20. Ne3 Rad8 21. Ba3 Bd4 22. Ncd5 Nxd5 23. Nxd5 Qe5 24. Nb6 Qxf5 25. Na4 Re2 26. Bxc5 Rxf2 27. Bxd4 Rxg2+ 28. Kxg2 Qe4+ 29. Kh3 Rxd4 30. Nc5 Qg4+ 31. Kg2 Rd2+ 32. Rf2 Rxf2+ 33. Kxf2 Qf5+ 34. Ke2 Qh3 35. Nd3 Qxh2+ 36. Kf3 Qh5+ 37. Ke3 Qg5+ 38. Kf3 Qd2 39. Rc8+ Kg7 40. Rd8 h5 41.
Rd7 Qxa2 42. b4 Qe6 43. Rd4 Qc6+ 44. Ke3 Qb6 45. Ke4 Qc6+ 46. Ke3 Qc7 47. Nf4 Qc1+ 48.
Kf3 Qc3+ 49. Ke4 Qxg3 50. Rd7 Qg4 51. Re7 g5 0-1

[Event "Late-Titled-Tuesday-Blitz-September-12-2023"]
[Site "Chess.com"]
[Date "2023.09.12"]
[Round "5"]
[White "Miguelitro69"]
[Black "gunslinger222"]
[Result "1-0"]
[WhiteElo "2292"]
[BlackElo "2410"]
[TimeControl "180+1"]
[EndTime "14:52:55 PDT"]
[Termination "Miguelitro69 won by resignation"]

1. e4 e6 2. Qe2 c5 3. Nf3 Nc6 4. g3 d5 5. d3 dxe4 6. dxe4 Nf6 7. Bg2 Nd4 8. Nxd4 cxd4 9. O-O Be7 10. e5 Nd5 11.
Rd1 O-O 12. Rxd4 Qb6 13. Rd1 Bd7 14. c4 Rac8 15. cxd5 Bb5 16. Qf3 exd5 17. Nc3 Bc4 18. Be3 Qxb2 19. Nxd5 Bxd5 20. Qxd5 Rfd8 21. Qb3 Qxe5 22.
Qxb7 Bf6 23. Rac1 Rxd1+ 24. Rxd1 Re8 25. Qxa7 h5 26. h4 Qb5 27. a4 Qb3 28. Rf1 g6 29.
a5 Kg7 30. a6 Re7 31. Qb6 Qa4 32. Bb7 Re6 33. Qc5 Re5 34. Qd4 Qa5 35. Qd2 Qa4 36. Bd4 Re4 37. Bxf6+ Kxf6 38. Bxe4 Qxe4 39. Qf4+ 1-0

[Event "Late-Titled-Tuesday-Blitz-September-12-2023"]
[Site "Chess.com"]
[Date "2023.09.12"]
[Round "5"]
[White "sergiochess83"]
[Black "seramoral"]
[Result "0-1"]
[WhiteElo "2913"]
[BlackElo "2645"]
[TimeControl "180+1"]
[EndTime "14:52:56 PDT"]
[Termination "seramoral won on time"]

1. d4 Nf6 2. c4 g6 3. f3 Nc6 4.
d5 Ne5 5. e4 d6 6. Nc3 Bg7 7.
Nge2 c6 8. Nd4 O-O 9. Be3 e6 10. dxe6 fxe6 11. Be2 d5 12. cxd5 exd5 13. exd5 Nxd5 14. Qb3 Kh8 15. Nxd5 cxd5 16. O-O Nc6 17. Rad1 Re8 18. Bb5 Bd7 19. Nc2 Bf5 20. Rxd5 Qf6 21. Bxc6 Qxc6 22. Nb4 Qe6 23. Bf2 a5 24. Nd3 a4 25.
Qb5 a3 26. bxa3 Qc6 27. Nb4 Qxb5 28. Rxb5 Rxa3 29. Rxb7 Bc3 30. Nd5 Bg7 31. Ra7 Rxa7 32. Bxa7 Ra8 33. Be3 Rxa2 34. Rc1 h5 35. h3 Be5 36.
Ne7 Kg7 37. Nc6 Bg3 38. Bd4+ Kf7 39. Be5 Bxe5 0-1

[Event "Late-Titled-Tuesday-Blitz-September-12-2023"]
[Site "Chess.com"]
[Date "2023.09.12"]
[Round "5"]
[White "Vyacheslav_N"]
[Black "picturesquecheck"]
[Result "1/2-1/2"]
[WhiteElo "2447"]
[BlackElo "2335"]
[TimeControl "180+1"]
[EndTime "14:52:56 PDT"]
[Termination "Game drawn by agreement"]

1. e4 c5 2. Nf3 Nc6 3. Bb5 e6 4. O-O Nge7 5. Re1 a6 6. Bf1 Ng6 7. c3 Be7 8. d4 cxd4 9. cxd4 O-O 10. d5 exd5 11. exd5 Nb8 12. Nc3 d6 13. h3 b5 14. a3 Bb7 15. Nd4 Bf6 16. Be3 Ne5 17. Rc1 Nbd7 18. Nf5 Nc5 19. b4 Na4 20. Nxa4 bxa4 21.
f4 Ng6 22. g4 Qd7 23. Bg2 Rfe8 24. Qd3 Nh4 25. Nxh4 Bxh4 26. Re2 Re7 27. Bf3 Rae8 28.
Bd2 h6 29. Rxe7 Rxe7 30. Rc4 Bf6 31. Re4 Rxe4 32. Bxe4 Qb5 33. Qxb5 axb5 34. Bc1 Kf8 35. Kg2 Ke7 36. Kf3 Bd4 37. Ke2 Kd8 38. Kd3 Bf6 39. Kc2 Ke7 40. g5 hxg5 41. fxg5 Be5 42. h4 Bc8 43. h5 f5 44. gxf6+ Bxf6 45. h6 gxh6 46.
Bxh6 Ba6 47. Bf5 Kd8 48. Bc1 Kc7 49. Kd3 Be5 50. Ke4 Bb7 51. Be6 Ba8 52. Kf5 Bb7 53.
Ke4 Ba8 54. Kf5 Bb7 55. Kg6 Ba8 56. Kf7 Bb7 57. Ke8 Ba8 58. Ke7 Bb7 1/2-1/2

[Event "Late-Titled-Tuesday-Blitz-September-12-2023"]
[Site "Chess.com"]
[Date "2023.09.12"]
[Round "5"]
[White "Jahonas"]
[Black "egnfanclub"]
[Result "0-1"]
[WhiteElo "2434"]
[BlackElo "2327"]
[TimeControl "180+1"]
[EndTime "14:52:57 PDT"]
[Termination "egnfanclub won on time"]

1. d4 d5 2. Nf3 Nf6 3. c3 e6 4. Bf4 c5 5. e3 Nc6 6. Nbd2 Be7 7.
Be2 O-O 8. O-O Re8 9. h3 Bd6 10. dxc5 Bxc5 11. c4 d4 12. Nb3 e5 13. exd4 Bxd4 14.
Nfxd4 exd4 15. Bf3 Be6 16. Bxc6 bxc6 17. Nxd4 Bxc4 18.
Nxc6 Qb6 19. Qc2 Bxf1 20. Rxf1 Nd5 21. Bg3 Rac8 22. Rc1 Kh8 23. Qc4 Ne7 24. Qxf7 Nxc6 25. Rc4 Rf8 26. Qd7 Rfd8 27. Qf7 Na5 28. Rg4 Rg8 29.
Be5 Qb7 0-1

[Event "Late-Titled-Tuesday-Blitz-September-12-2023"]
[Site "Chess.com"]
[Date "2023.09.12"]
[Round "5"]
[White "DefiantChair"]
[Black "newyorkmouse"]
[Result "1-0"]
[WhiteElo "2669"]
[BlackElo "2463"]
[TimeControl "180+1"]
[EndTime "14:52:59 PDT"]
[Termination "DefiantChair won by checkmate"]

1. e4 c6 2. d4 Na6 3. Nc3 Nc7 4.
f4 d5 5. e5 g6 6. Nf3 h5 7. Bd3 Nh6 8. Be3 Bg4 9. h3 Bxf3 10.
Qxf3 Nf5 11. Bf2 Ne6 12. Ne2 Qb6 13. O-O Nexd4 14. Nxd4 Nxd4 15. Qd1 c5 16. c3 Nc6 17.
b4 e6 18. Rb1 Be7 19. bxc5 Qc7 20. Qb3 Rb8 21. c4 d4 22. Qb5 O-O 23. Be4 Rfd8 24. Rfd1 Na5 25. Rxd4 a6 26. Qb6 Qxb6 27. cxb6 Rxd4 28.
Bxd4 Nxc4 29. Rc1 Na5 30. Rc7 Bd8 31. Rd7 Kf8 32. Bc5+ Ke8 33. Rd4 Nc6 34. Rd6 Na5 35.
Bb4 Nc4 36. Rd3 Nxb6 37. Bd6 Rc8 38. Bxb7 Rc1+ 39. Kh2 a5 40. Ba6 Kd7 41. Ba3+ Kc6 42. Bxc1 Nd5 43. Bc4 Kc5 44. Bxd5 exd5 45. Be3+ Kc4 46.
Rd4+ Kc3 47. Rxd5 Be7 48. Rd7 Ba3 49. Rxf7 Kb2 50. e6 Kxa2 51. e7 Bxe7 52. Rxe7 a4 53. Re6 a3 54. Rxg6 Kb3 55. f5 a2 56.
Ra6 h4 57. f6 Kb2 58. Bd4+ Kb1 59. f7 Kc2 60. f8=Q a1=Q 61. Qf2+ Kb3 62. Qe3+ Qc3 63. Qxc3# 1-0

[Event "Late-Titled-Tuesday-Blitz-September-12-2023"]
[Site "Chess.com"]
[Date "2023.09.12"]
[Round "5"]
[White "GMBenjaminBok"]
[Black "Mikasinski"]
[Result "0-1"]
[WhiteElo "3004"]
[BlackElo "2676"]
[TimeControl "180+1"]
[EndTime "14:53:00 PDT"]
[Termination "Mikasinski won by resignation"]

1. d4 Nf6 2. c4 g6 3. g3 d5 4.
Bg2 Bg7 5. Nf3 O-O 6. O-O dxc4 7. Na3 c6 8. Nxc4 Be6 9. b3 Bd5 10. Bb2 Na6 11. Rc1 Rc8 12. e3 Qc7 13. Qe2 Rfd8 14. Rfd1 b6 15. Nce5 Qb7 16. Ng5 Bxg2 17. Kxg2 c5+ 18. Kg1 Rf8 19. d5 Nxd5 20. Ngxf7 Rxf7 21.
Nxf7 Bxb2 22. Nh6+ Kg7 23. Qxb2+ Kxh6 24. g4 g5 25. h4 Rg8 26. Qe5 Nf6 27. f4 Nxg4 28. hxg5+ Kh5 29. Qe6 Qf3 30. Qf7+ Kh4 31. Qxh7+ Kg3 32.
Rd2 Qxe3+ 33. Kh1 Nf2+ 34. Rxf2 Qxc1+ 0-1

[Event "Late-Titled-Tuesday-Blitz-September-12-2023"]
[Site "Chess.com"]
[Date "2023.09.12"]
[Round "5"]
[White "MathiasWomacka"]
[Black "mbojan"]
[Result "1-0"]
[WhiteElo "2525"]
[BlackElo "2768"]
[TimeControl "180+1"]
[EndTime "14:53:00 PDT"]
[Termination "MathiasWomacka won on time"]

1. e4 c5 2. Nf3 e6 3. d4 cxd4 4. Nxd4 a6 5. Bd3 Bc5 6. Nb3 Ba7 7. Qg4 Nf6 8. Qg3 d6 9. Nc3 O-O 10. Bh6 Ne8 11. Bg5 Qc7 12. O-O-O Nc6 13. h4 b5 14. h5 Ne5 15. Kb1 Kh8 16. h6 g6 17.
Bf4 f6 18. Be3 Bxe3 19. Qxe3 Bb7 20. f4 Nf7 21. Nd4 Qe7 22. Rde1 Rc8 23. f5 Nc7 24. fxe6 Ne5 25. Nd5 Nxd5 26. exd5 Bxd5 27. g4 Bxe6 28.
g5 fxg5 29. Rhg1 g4 30. Qg3 Bd7 31. Be4 Qg5 32. Bb7 Rce8 33. Bxa6 Qxh6 34. Bxb5 Bxb5 35. Nxb5 Nf3 36. Rxe8 Rxe8 37. Rd1 1-0

[Event "Late-Titled-Tuesday-Blitz-September-12-2023"]
[Site "Chess.com"]
[Date "2023.09.12"]
[Round "5"]
[White "HansOnTwitch"]
[Black "vladislavkovalev"]
[Result "1-0"]
[WhiteElo "3085"]
[BlackElo "2900"]
[TimeControl "180+1"]
[EndTime "14:53:01 PDT"]
[Termination "HansOnTwitch won on time"]

1. e4 e5 2. Nf3 Nc6 3. Bb5 a6 4. Ba4 Nf6 5. O-O Be7 6. Re1 b5 7. Bb3 d6 8. c3 O-O 9. h3 Be6 10.
d4 Bxb3 11. Qxb3 Qd7 12. Nbd2 Rfe8 13. Nf1 exd4 14. cxd4 Bf8 15. Ng3 g6 16. Bg5 Bg7 17. e5 dxe5 18. dxe5 Nh5 19. Nxh5 gxh5 20. Qc3 Qe6 21.
Bf6 b4 22. Qc5 Bxf6 23. exf6 Qxf6 24. Rac1 Rxe1+ 25. Rxe1 Rd8 26. Qxh5 Nd4 27. Ne5 Qf5 28. Qh4 Ne6 29. Ng4 Qg5 30. Qg3 Kg7 31. Qb3 Rd6 32. Qxb4 h5 33. Ne3 Nf4 34. Qe4 1-0

[Event "Late-Titled-Tuesday-Blitz-September-12-2023"]
[Site "Chess.com"]
[Date "2023.09.12"]
[Round "5"]
[White "RIPOL"]
[Black "FredddieCroderg"]
[Result "1-0"]
[WhiteElo "2463"]
[BlackElo "2328"]
[TimeControl "180+1"]
[EndTime "14:53:01 PDT"]
[Termination "RIPOL won on time"]

1. d4 d6 2. e4 e5 3. Ne2 exd4 4. Nxd4 Nf6 5. Nc3 Be7 6. Be2 O-O 7. O-O Re8 8. Bf3 Bf8 9. Nf5 d5 10. Bg5 Bxf5 11. exf5 c6 12. g4 Nbd7 13. h3 Qb6 14. b3 Bb4 15. Ne2 Qc7 16. Bf4 Bd6 17. Qd2 Ne4 18.
Bxe4 Rxe4 19. Bxd6 Qxd6 20. Ng3 Re7 21. Rad1 Qc7 22.
Kg2 Rae8 23. Nh5 g6 24. Ng3 Qe5 25. c4 dxc4 26. bxc4 Nb6 27. Rfe1 Qc5 28. Rxe7 Qxe7 29. g5 Nxc4 30. Qc2 b5 31. f6 Qe6 32. Qe4 Qxe4+ 33. Nxe4 a5 34. Nc5 a4 35. Rd7 1-0

[Event "Late-Titled-Tuesday-Blitz-September-12-2023"]
[Site "Chess.com"]
[Date "2023.09.12"]
[Round "5"]
[White "PabloZarnicki"]
[Black "GianmarcoVaR"]
[Result "1-0"]
[WhiteElo "2506"]
[BlackElo "2642"]
[TimeControl "180+1"]
[EndTime "14:53:02 PDT"]
[Termination "PabloZarnicki won by checkmate"]

1. e4 c5 2. Nf3 d6 3. Bb5+ Nd7 4. d4 cxd4 5. Qxd4 a6 6. Bxd7+ Bxd7 7. Nc3 e5 8. Qd3 h6 9. a4 Nf6 10. O-O Rc8 11.
b3 Be7 12. Nd2 Qc7 13. Bb2 O-O 14. Nc4 Rfd8 15. Ne3 Bf8 16. Rad1 b5 17. axb5 axb5 18. Rd2 b4 19. Ncd5 Nxd5 20. Nxd5 Qb7 21. Qg3 Be6 22. f4 Bxd5 23. exd5 f6 24. h3 Kh8 25. Kh2 Rc5 26.
Qd3 Rdc8 27. Rf3 Qd7 28. Rff2 Re8 29. Qe4 Be7 30. Qxb4 Rec8 31. c4 Qc7 32. Qc3 Qb7 33.
Qd3 Rb8 34. Rf3 Rcc8 35. Qg6 Bf8 36. Rdf2 Qd7 37. Rg3 Re8 38. fxe5 dxe5 39. Rxf6 Be7 40. Qxg7# 1-0

[Event "Late-Titled-Tuesday-Blitz-September-12-2023"]
[Site "Chess.com"]
[Date "2023.09.12"]
[Round "5"]
[White "AlexOstrovskiy"]
[Black "kreonx"]
[Result "1-0"]
[WhiteElo "2642"]
[BlackElo "2455"]
[TimeControl "180+1"]
[EndTime "14:53:03 PDT"]
[Termination "AlexOstrovskiy won by resignation"]

1. d4 Nf6 2. Bg5 d5 3. Bxf6 exf6 4. e3 Bd6 5. g3 O-O 6. Bg2 c6 7.
Ne2 Bg4 8. O-O Qb6 9. b3 a5 10.
c4 dxc4 11. bxc4 Qb2 12. Nd2 Bb4 13. Nf3 Na6 14. Qd3 Qa3 15. Qxa3 Bxa3 16. Rab1 Rab8 17.
c5 b5 18. cxb6 Be7 19. Nc3 Nb4 20. a3 Nd5 21. Nxd5 cxd5 22. Rb5 Bxa3 23. Rxa5 Be7 24. Rb1 Bd8 25. Rab5 Bd7 26. Rxd5 Bc6 27. Rc5 Be4 28.
Rb2 Rxb6 29. Rcb5 Rc6 30. h4 Rc1+ 31. Kh2 f5 32. Ne5 f6 33. Nd7 Re8 34. Nc5 Bc7 35.
Rb7 Bd6 36. Nxe4 fxe4 37. Rd7 Bf8 38. d5 Rd1 39. Bh3 g6 40. Be6+ Kh8 41. Rbb7 1-0

[Event "Late-Titled-Tuesday-Blitz-September-12-2023"]
[Site "Chess.com"]
[Date "2023.09.12"]
[Round "5"]
[White "JoseRemolar"]
[Black "PapaieDudu"]
[Result "0-1"]
[WhiteElo "2465"]
[BlackElo "2306"]
[TimeControl "180+1"]
[EndTime "14:53:04 PDT"]
[Termination "PapaieDudu won by checkmate"]

1. e4 c5 2. Nf3 d6 3. d4 cxd4 4. Nxd4 Nf6 5. Nc3 a6 6. Bg5 e6 7.
f4 Nbd7 8. Qf3 Qc7 9. O-O-O b5 10. e5 Bb7 11. Qg3 b4 12. exf6 gxf6 13. f5 e5 14. Ne6 fxe6 15. fxe6 Nc5 16. Bxf6 Bh6+ 17. Kb1 Rf8 18. Nb5 axb5 19. Bxb5+ Bc6 20. Qf3 Rxf6 21. Qxf6 Bxb5 22. Qxh6 O-O-O 23. Qh3 Re8 24. e7+ Kb7 25. Qxh7 Rxe7 26. Qh6 Re6 27. Qe3 d5 28. h4 d4 29. Qg3 Ne4 30. Qf3 Bc6 31. Qf5 Bd5 32. Rh3 Qc4 33. Rhd3 Qxa2+ 34. Kc1 Qa1# 0-1

[Event "Late-Titled-Tuesday-Blitz-September-12-2023"]
[Site "Chess.com"]
[Date "2023.09.12"]
[Round "5"]
[White "GarayevKanan"]
[Black "malakismayil"]
[Result "1/2-1/2"]
[WhiteElo "2714"]
[BlackElo "2514"]
[TimeControl "180+1"]
[EndTime "14:53:05 PDT"]
[Termination "Game drawn by repetition"]

1. d4 Nf6 2. c4 e6 3. g3 d5 4. Bg2 Be7 5. Nf3 O-O 6. O-O dxc4 7. Qc2 a6 8. a4 Bd7 9. Qxc4 Bc6 10. Bg5 Nbd7 11.
Nc3 Nb6 12. Qd3 h6 13. Bf4 Nbd5 14. Ne5 Be8 15. Bd2 Rb8 16. Ne4 Nxe4 17. Bxe4 b5 18. a5 Bd6 19. Rac1 c5 20. Rxc5 Bxc5 21. dxc5 Qc7 22.
Qd4 Rd8 23. Bd3 Nf6 24. Qe3 Rd5 25. Nf3 Qxc5 26. Qxc5 Rxc5 27. Bb4 Rc8 28. Bxf8 Kxf8 29. Ne5 Ke7 30. Rd1 Nd7 31. Nxd7 Bxd7 32. Be4 Rc7 33. f4 Bc6 34. Rc1 Kd6 35. Rd1+ Ke7 36. Rc1 Kd6 37.
Rd1+ Ke7 1/2-1/2